 Dungeon Crawl Stone Soup version 0.30-a0-1066-g63dfefce0d (webtiles) character file.

Game seed: 2136976917528548729

86 jimonade the Trooper (level 4, -1/42 HPs)
             Began as a Naga Fighter on Apr 12, 2023.
             Slain by Sigmund
             ... wielding a +1 scythe of venom
              (4 damage)
             ... on level 3 of the Dungeon.
             The game lasted 00:04:01 (1677 turns).

jimonade the Trooper (Naga Fighter)                 Turns: 1677, Time: 00:04:02

Health: -1/42      AC:  6    Str: 19    XL:     4   Next: 50%
Magic:  4/4        EV:  7    Int: 10    God:
Gold:   118        SH:  4    Dex: 10    Spells: 3/3 levels left

rFire   . . .      SeeInvis +    a - +0 hand axe (vamp)
rCold   + . .      Faith    .    c - +0 buckler
rNeg    . . .      Spirit   .    b - +0 scale mail
rPois   +          Reflect  .    (no helmet)
rElec   .          Rampage  .    l - +0 cloak
rCorr   .                        (no gloves)
Will    .....                    (no barding) Stlth
                                 (no amulet)
HPRegen 0.27/turn                e - ring of protection from cold
MPRegen 0.09/turn                (no ring)

@: lethally poisoned (-1 -> -4), very slow
A: AC +1, large, see invisible, deformed body, poison resistance, slowness 2,
spit poison 1, naga tail 1
a: Spit Poison


You were on level 3 of the Dungeon.
You visited 1 branch of the dungeon, and saw 3 of its levels.

You collected 118 gold pieces.

Inventory:

Hand Weapons
 a - a +0 vampiric hand axe (weapon)
 r - a +0 mace
 x - a +0 trident
Missiles
 w - 2 poisoned darts
Armour
 b - a +0 scale mail (worn)
 c - a +0 buckler (worn)
 l - a +0 cloak (worn)
Jewellery
 e - a ring of protection from cold (left hand)
Scrolls
 g - a scroll of vulnerability {unknown}
 j - a scroll of enchant armour {unknown}
 m - a scroll of blinking {unknown}
 n - 3 scrolls of teleportation {unknown}
 o - 4 scrolls of identify {unknown}
 p - a scroll of noise {unknown}
 s - a scroll of summoning {unknown}
Potions
 d - a potion of might
 f - a potion of magic {unknown}
 h - a potion of mutation {unknown}
 i - 2 potions of ambrosia {unknown}
 k - a potion of brilliance {unknown}
 q - a potion of lignification {unknown}
 t - 3 potions of heal wounds {unknown}
 u - a potion of flight {unknown}
 v - 2 potions of curing {unknown}


   Skills:
 + Level 3.5 Fighting
 + Level 3.0 Polearms
 + Level 3.0 Armour
 + Level 0.5 Dodging
 + Level 2.9 Shields


You had 3 spell levels left.
You didn't know any spells.
Your spell library contained the following spells:

 Spells                   Type           Power      Damage    Failure   Level
 Static Discharge         Conj/Air       0%         2-2/arc   91%         2
 Airstrike                Air            0%         2d(0-16)  100%        4
 Summon Lightning Spire   Summ/Air       0%         N/A       100%        4
 Conjure Ball Lightning   Conj/Air       0%         3x3d6     100%        6
 Discord                  Hex            0%         N/A       100%        8
 Disjunction              Tloc           0%         N/A       100%        8
 Chain Lightning          Conj/Air       0%         N/A       100%        9
 Fire Storm               Conj/Fire      0%         5d1       100%        9
 Shatter                  Erth           0%         3d5*      100%        9


Dungeon Overview and Level Annotations

Branches:
Dungeon (3/15)

Altars:
Okawaru
Zin

Annotations:
D:3 Sigmund


Innate Abilities, Weirdness & Mutations

Your serpentine skin is tough. (AC +1)
You have supernaturally acute eyesight. (SInv)
Armour fits poorly on your strangely shaped body.
Your system is resistant to poisons. (rPois)
You cover ground very slowly.
You can spit poison.
You have a snake-like lower body.


Message History

Sigmund the Dreaded comes into view.
He is wielding a +1 scythe of venom.
Found an iron altar of Okawaru.
Sigmund is suddenly surrounded by pale green light.
Sigmund mumbles some strange words.
Sigmund flickers and vanishes for a moment.
The splash of poison hits Sigmund.
Sigmund is lightly wounded.
A bat comes into view.
The bat moves out of view.
You can't do that yet.
You have got your breath back.
Sigmund hits you with a +1 scythe of venom!
You are poisoned.
You barely miss Sigmund.
Sigmund is lightly wounded.
You feel very sick.
Sigmund hits you with a +1 scythe of venom.
You slash Sigmund!
Sigmund is moderately wounded.
You feel very sick.
Sigmund hits you with a +1 scythe of venom!
You barely miss Sigmund.
Sigmund is moderately wounded.
* * * LOW HITPOINT WARNING * * *
You feel very sick.
Sigmund points at you and mumbles some strange words.
The magic dart hits you.
* * * LOW HITPOINT WARNING * * *
You completely miss Sigmund.
Sigmund is moderately wounded.
* * * LOW HITPOINT WARNING * * *
You feel sick.
Sigmund points at you and mumbles some strange words.
You resist with some effort.
You hit Sigmund.
You feel better.
Sigmund is moderately wounded.
* * * LOW HITPOINT WARNING * * *
You feel sick.
Sigmund hits you with a +1 scythe of venom.
You die...

..# ########### #.##..
## ..........###.##..
... ............#.##.#
##.## ............#.##.#
.....
............#.##.#......
.#######....#.#..#......
.......#....#.#[.@..._..
.......#......##@#
.......#......'..#
........#.....#..#
.......#.....##.#
.......#.....##...
#####........####..
#........... ...#
#........... #..
.####........... .#


You could see Sigmund (invisible).

Vanquished Creatures
  Terence (D:2)
  An adder (D:2)
  A dart slug (D:1)
  4 orcs (D:3)
  7 bats
  2 endoplasms (D:2)
  A giant cockroach (D:2)
  2 goblins
  4 hobgoblins (D:1)
  4 jackals (D:2)
  4 kobolds
  2 quokkas (D:2)
  2 ball pythons (D:2)
  A frilled lizard (D:3)
  7 rats
43 creatures vanquished.

Notes
Turn   | Place    | Note
-------+----------+-------------------------------------------
     0 | D:1      | jimonade the Naga Fighter began the quest for the Orb.
     0 | D:1      | Reached XP level 1. HP: 21/21 MP: 1/1
   236 | D:1      | Reached XP level 2. HP: 28/28 MP: 2/2
   830 | D:2      | Noticed Terence
   836 | D:2      | Killed Terence
   837 | D:2      | Reached XP level 3. HP: 31/34 MP: 3/3
  1024 | D:2      | Reached XP level 4. HP: 42/42 MP: 4/4
  1080 | D:2      | Found a faded altar of an unknown god.
  1627 | D:3      | Found a glowing silver altar of Zin.
  1667 | D:3      | Found an iron altar of Okawaru.
  1667 | D:3      | Noticed Sigmund
  1677 | D:3      | Slain by Sigmund

Illustrated notes

Levels and vault maps discovered:
D:1:      dpeg_arrival_windows_large_door, layout_basic
D:2:      layout_loops_ring, ebering_ecumenical_altar_ruins, minivault_11,
          uniq_terence
D:3:      layout_basic, old_standard_altar, chequers_temple_overflow_minitemple,
          zin_statuary, st_stairs_3, uniq_sigmund

Skill      XL: |  1  2  3  4 |
---------------+-------------+-----
Armour         | 3 |  3.0
Polearms       | 3 |  3.0
Fighting       | |  3.5
Dodging        | |  0.5
Shields        | |  2.9

Action                     |  1- 3 |  4- 6 || total
---------------------------+-------+-------++-------
  Melee: Trident           |    86 |    32 ||   118
         Hand axe          |       |     9 ||     9
Ability: Spit Poison       |     4 |    12 ||    16
 Armour: Scale mail        |    29 |    16 ||    45
  Dodge: Dodged            |    28 |     8 ||    36
  Block: Buckler           |    12 |     9 ||    21

Table legend: (Time is in decaauts)
 A = Elapsed time spent in this place.
 B = Non-inter-level travel time spent in this place.
 C = Inter-level travel time spent in this place.
 D = Time resting spent in this place.
 E = Time spent auto-exploring this place.
 F = Levels seen in this place.
 G = Mean time per level.
                   A        B        C        D        E       F      G
               +--------+--------+--------+--------+--------+-----+--------+
         Total |   2222 |   2180 |     42 |      0 |   1721 |   3 |  740.7 |
       Dungeon |   2222 |   2180 |     42 |      0 |   1721 |   3 |  740.7 |
               +--------+--------+--------+--------+--------+-----+--------+

Top non-repeatable levels by time:
     D:1: 1012 daAuts
     D:2: 993 daAuts
     D:3: 216 daAuts
